 Dungeon Sprint DCSS version 0.30-a0-210-g01b79a254e (webtiles) character file.

Game seed: 17946457069815425239

2317 rocky1 the Fighter (level 9, 0/163 HPs)
             Began as an Ogre Fighter on Oct 5, 2022.
             Was an Initiate of Gozag.
             Slain by a freezing wraith (3 damage)
             ... in the Dungeon (Sprint VII: "The Pits").
             The game lasted 00:04:47 (1310 turns).

rocky1 the Fighter (Ogre Fighter)                   Turns: 1310, Time: 00:04:48

Health: 0/163      AC: 10    Str: 26    XL:     9   Next: 41%
Magic:  9/9        EV: 10    Int:  9    God:    Gozag
Gold:   1683       SH:  9    Dex:  8    Spells: 8/8 levels left

rFire   . . .      SeeInvis .    s - +2 morningstar (protect)
rCold   . . .      Faith    .    c - +0 kite shield
rNeg    . . .      Spirit   .    b - +0 robe
rPois   .          Reflect  .    (helmet restricted)
rElec   .          Harm     .    (no cloak)
rCorr   .          Rampage  .    (gloves unavailable)
Will    .....      NoTele   +    (boots unavailable)
Stlth   ..........               (no amulet)
HPRegen 0.47/turn                (no ring)
MPRegen 0.11/turn                (no ring)

@: berserking (expiring), under a protective aura, slowed
A: large, unfitting armour, tough skin 1
a: Renounce Religion, Potion Petition, Call Merchant, Bribe Branch


You were in the Dungeon.
You worshipped Gozag.
Gozag was most pleased with you.
You visited 1 branch You collected 1683 gold pieces.

Inventory:

Hand Weapons
 a - a +1 vorpal broad axe
 n - a +0 giant club
 s - a +2 morningstar of protection (weapon)
Missiles
 o - 9 poisoned darts
 p - 3 large rocks (quivered)
Armour
 b - a +0 robe (worn)
 c - a +0 kite shield (worn)
Jewellery
 i - a +3 ring of intelligence
 q - a +3 ring of protection
Scrolls
 j - a scroll of blinking
 l - 5 scrolls of amnesia
 m - a scroll of summoning
Potions
 d - 3 potions of might
 e - 7 potions of curing
 f - 9 potions of heal wounds
 g - 2 potions of haste
 h - 4 potions of magic
 k - 2 potions of invisibility


   Skills:
 - Level 12.6 Fighting
 * Level 11.6 Maces & Flails
 + Level 5.7 Throwing
 - Level 9.0 Dodging
 - Level 9.8 Shields


You had 8 spell levels left.
You didn't know any spells.
Your spell library was empty.

Dungeon Overview and Level Annotations

Branches:
Dungeon (1/1)

Altars:
Ashenzari
Cheibriados
Dithmenos
Elyvilon
Fedhas
Gozag
Hepliaklqana
Kikubaaqudgha
Makhleb
Nemelex Xobeh
Okawaru
Qazlal
Ru
Sif Muna
Trog
Uskayaw
Vehumet
Wu Jian
Xom
Yredelemnul
Zin
The Shining One
Jiyva
Lugonu


Innate Abilities, Weirdness & Mutations

You are too large for most types of armour.
You have tough skin. (AC +1)


Message History

The freezing wraith hits you but does no damage.
You block the freezing wraith's attack.
Things that are here:
a +2 quarterstaff; a +2 trident You feel much better.
The freezing wraith barely misses you. You block the freezing wraith's attack.
A red film seems to cover your vision as you go berserk!
You feel yourself moving faster!
You feel mighty! The freezing wraith hits you!
The freezing wraith freezes you!! The freezing wraith hits you.
The freezing wraith drains your vigour!
You feel as though you will be slow longer.
You block the freezing wraith's attack. The freezing wraith hits you!
You completely miss the freezing wraith.
The freezing wraith hits you. The freezing wraith freezes you!!
* * * LOW HITPOINT WARNING * * *
You block the freezing wraith's attack. The orc warrior completely misses you.
You barely miss the freezing wraith. The freezing wraith hits you.
* * * LOW HITPOINT WARNING * * *
The freezing wraith freezes you!
* * * LOW HITPOINT WARNING * * *
The freezing wraith closely misses you. You block the orc warrior's attack.
You puncture the freezing wraith!
Your weapon exudes an aura of protection.
The freezing wraith is moderately damaged.
The freezing wraith hits you but does no damage.
The freezing wraith hits you!
* * * LOW HITPOINT WARNING * * *
The orc warrior hits you from afar with a +0 glaive.
* * * LOW HITPOINT WARNING * * *
You hit the freezing wraith.
The freezing wraith is moderately damaged.
You block the freezing wraith's attack. The freezing wraith barely misses you.
The orc warrior hits you from afar with a +0 glaive!
* * * LOW HITPOINT WARNING * * *
You barely miss the freezing wraith.
The freezing wraith is moderately damaged.
The orc warrior closely misses you. The freezing wraith barely misses you.
The freezing wraith hits you.
You die...
Your body crumbles into a pile of gold.

$ ############
#_________.#
#_________.#
#_______...###########++
##########'##...........
#.?(.')@Woo##......#..#.
##########.##...........
#...........'.o.........
#'#####'#####......#..#.
#.#...#.#[[##....W......
#.#...#.#.)#####'#####''
#.#...).#))##.......##''
#.##'####))##.......##..
#)#..)..#..##.......##..


You could see a freezing wraith, an orc warrior and an orc.

Vanquished Creatures
  A two-headed ogre (D)
  A deep elf pyromancer (D)
  A cyclops (D)
  2 floating eyes (D)
  2 orc warriors (D)
  A centaur (D)
  2 phantoms (D)
  2 kobold brigands (D)
  A bullfrog (D)
  Jessica (D)
  An iguana (D)
  2 river rats (D)
  A white imp (D)
  An endoplasm (D)
  2 goblins (D)
  A hobgoblin (D)
  A ball python (D)
  A ball python skeleton (D)
  A kobold (D)
  A rat (D)
26 creatures vanquished.

Notes
Turn   | Place    | Note
-------+----------+-------------------------------------------
     0 | D        | rocky1 the Ogre Fighter began the quest for the Orb.
     0 | D        | Reached XP level 1. HP: 24/24 MP: 1/1
    23 | D        | Found a bloodstained altar of Trog.
    23 | D        | Found a shimmering blue altar of Sif Muna.
    23 | D        | Found a viscous altar of Jiyva.
    23 | D        | Found a hazy altar of Hepliaklqana.
    23 | D        | Found an opulent altar of Gozag.
    24 | D        | Found a glowing golden altar of the Shining One.
    24 | D        | Found a glowing silver altar of Zin.
    24 | D        | Found a basalt altar of Yredelemnul.
    24 | D        | Found a shimmering altar of Xom.
    24 | D        | Found an ornate altar of the Wu Jian Council.
    24 | D        | Found a sacrificial altar of Ru.
    24 | D        | Found a stormy altar of Qazlal.
    24 | D        | Found an iron altar of Okawaru.
    24 | D        | Found a sparkling altar of Nemelex Xobeh.
    24 | D        | Found a burning altar of Makhleb.
    24 | D        | Found a blossoming altar of Fedhas.
    24 | D        | Found a white marble altar of Elyvilon.
    24 | D        | Found a shadowy altar of Dithmenos.
    24 | D        | Found a snail-covered altar of Cheibriados.
    27 | D        | Found a corrupted altar of Lugonu.
    27 | D        | Found a radiant altar of Vehumet.
    28 | D        | Found an ancient bone altar of Kikubaaqudgha.
    28 | D        | Found a hide-covered altar of Uskayaw.
    28 | D        | Found a broken altar of Ashenzari.
    33 | D        | Became a worshipper of Gozag Ym Sagoz the Greedy
    68 | D        | Noticed a floating eye
    69 | D        | Paralysed by a floating eye for 2 turns
    77 | D        | Reached XP level 2. HP: 15/33 MP: 2/2
    78 | D        | Paralysed by a floating eye for 3 turns
    81 | D        | Killed a floating eye
    82 | D        | Reached skill level 6 in Fighting
    82 | D        | Reached skill level 5 in Maces & Flails
    82 | D        | Reached skill level 5 in Shields
    82 | D        | Reached XP level 3. HP: 23/45 MP: 3/3
    82 | D        | Reached XP level 4. HP: 27/53 MP: 4/4
   195 | D        | Noticed a floating eye
   199 | D        | Paralysed by a floating eye for 3 turns
   206 | D        | Killed a floating eye
   207 | D        | Reached skill level 7 in Fighting
   207 | D        | Reached skill level 5 in Dodging
   207 | D        | Reached XP level 5. HP: 63/63 MP: 5/5
   421 | D        | Reached skill level 8 in Fighting
   421 | D        | Reached XP level 6. HP: 64/72 MP: 6/6
   483 | D        | Noticed Jessica
   523 | D        | Reached skill level 9 in Fighting
   528 | D        | Killed Jessica
   530 | D        | Reached XP level 7. HP: 15/83 MP: 7/7
   783 | D        | Noticed a cyclops
   789 | D        | Killed a cyclops
   790 | D        | Reached skill level 10 in Fighting
   790 | D        | Reached skill level 10 in Maces & Flails
   790 | D        | Reached XP level 8. HP: 96/96 MP: 8/8
   865 | D        | Reached skill level 1 in Throwing
   868 | D        | Reached skill level 11 in Fighting
   915 | D        | Noticed a two-headed ogre
   915 | D        | Noticed a deep elf pyromancer
   927 | D        | Killed a two-headed ogre
   928 | D        | Reached skill level 12 in Fighting
   928 | D        | Reached XP level 9. HP: 106/106 MP: 9/9
   937 | D        | Killed a deep elf pyromancer
   938 | D        | Reached skill level 5 in Throwing
  1260 | D        | Noticed an orc knight
  1260 | D        | Noticed a freezing wraith
  1309 | D        | HP: 2/163 [orc warrior/+0 glaive[an orc knight] (7)]
  1310 | D        | Slain by a freezing wraith

Illustrated notes

Levels and vault maps discovered:
D:        pitsprint [storerooms_1, entrance_room_1, metal_vault_1, armoury_2,
          mini_pit_1, grid_room_1, main_hall_1, silver_pit, the_coven_1,
          the_vestibule_1, steel_vault_3, golden_pit, hallway_of_sentries,
          crystal_vault_2, iron_vault_4, final_vault]

Skill      XL: |  1  2  3  4  5  6  7  8  9 |
---------------+----------------------------+-----
Maces & Flails | 3 5 6 7 8 10 11 | 11.6
Dodging        | 3 4 5 6 7 8 9 |  9.0
Fighting       | 6 7 8 9 10 12 | 12.6
Shields        | 5 6 7 8 9 |  9.8
Throwing       | 4 5 |  5.7

Action                   |  1- 3 |  4- 6 |  7- 9 || total
-------------------------+-------+-------+-------++-------
Melee: Flail             |    14 |    17 |       ||    31
       Mace              |       |    40 |    60 ||   100
       Morningstar       |       |       |    23 ||    23
Throw: Large rock        |       |       |     3 ||     3
  Use: Potion            |     1 |     1 |     6 ||     8
Armor: Robe              |     2 |    21 |    16 ||    39
Dodge: Dodged            |     2 |    17 |    30 ||    49
Block: Kite shield       |     3 |    19 |    36 ||    58

Table legend: (Time is in decaauts)
 A = Elapsed time spent in this place.
 B = Non-inter-level travel time spent in this place.
 C = Inter-level travel time spent in this place.
 D = Time resting spent in this place.
 E = Time spent auto-exploring this place.
 F = Levels seen in this place.
 G = Mean time per level.
                   A        B        C        D        E       F      G
               +--------+--------+--------+--------+--------+-----+--------+
         Total |   1359 |   1302 |     57 |    818 |      0 |   1 | 1359.0 |
       Dungeon |   1359 |   1302 |     57 |    818 |      0 |   1 | 1359.0 |
               +--------+--------+--------+--------+--------+-----+--------+

Top non-repeatable levels by time:
       D: 1359 daAuts
